Unix NetHack Version 5.0.0-0 post-release - last build May 23 2026 06:08:33 (1c0ff79ee797540d5714e4e18072db0edd9e58ae,branch:main).

Game began 2026-05-28 03:17:19, ended 2026-05-29 03:08:56.

Eldrich, lawful male human Archeologist

   -----       `--------------                                    -------
   |.k.|       #|............|                                    |..{..|
   |...|       #|............|             ------------          #-.....|
   |..>|       #|............-###########  |..........|          #|.....|
   |...|       #|............|          #  |..........|          #--+-.--
   |....#######`|............|          #  |...........#         #    (
   ---.-        ----------.---          ###...........|##        #    ##
    # #                 ###             ###|..........+##        #     #
    # #              ####               #  ---.--------##        #     #
    # (             ##                  #     #         #        #     (
    # #             #              ######     #         #        #   --|--
    # #             #              #          #         #        #   |..%|
    # #            ##          #####          ##        #--------#   |...|
   -|-.--         ##           #             --|--      #-..o...d@   |(!.|
   |....+  #`#######        ####             |....#     #|......|    -----
   |....|   ##----.------   #                |{_.|#######.......|
   |.)..|    #|........<|   #                .(..|       --------
   |..{..#####...........#####               -----
   ------     -----------

Eldrich the Field Worker   St:10 Dx:11 Co:11 In:15 Wi:18 Ch:11  Lawful
Dlvl:4  $:183 HP:0(21) Pw:20(20) AC:9  Xp:3 T:1861 

Latest messages:
 The little dog picks up an uncursed blindfold.
 The little dog drops an uncursed blindfold.
 The little dog picks up an uncursed blindfold.
 The little dog drops an uncursed blindfold.
 The little dog picks up an uncursed blindfold.
 The little dog drops an uncursed blindfold.
 You do not owe Kinojevis anything.
 The little dog picks up a black potion.
 You see here a +0 pick-axe.
 The little dog drops a black potion.
 You stop.  Your little dog is in the way!
 "Hello, Eldrich!  Welcome again to Kinojevis' general store!"
 You stop.  Your little dog is in the way!
 You see here a black potion (no charge).
 w - a black potion.
 The little dog picks up a tin opener.
 You see here a +0 pick-axe.
 The newt bites!
 The little dog drops a tin opener.
 The newt bites!
 You kill the newt!
 The iguana bites!
 You lash the iguana.
 You kill the iguana!
 x - an iguana corpse.
 y - a figurine of an Elvenqueen.
 The coyote bites!
 You lash the coyote.
 The coyote bites!
 You miss the coyote.
 The coyote bites!
 You kill the coyote!
 The coyote bites!
 The coyote just misses!
 You miss the coyote.
 The hobgoblin throws a crude dagger!
 The crude dagger hits the coyote.
 The coyote bites!
 You miss the coyote.
 The coyote bites!
 You miss the coyote.
 The coyote bites!
 You miss the coyote.
 The coyote bites!
 You die...
 Do you want your possessions identified? [ynq] (y) y
 Do you want to see your attributes? [ynq] (y) n
 Do you want an account of creatures vanquished? [ynaq] (y) n
 Do you want to see your conduct and achievements? [ynq] (y) n
 Do you want to see the dungeon overview? [ynq] (y) n

Inventory:
 Coins    ('$')
  $ - 183 gold pieces
 Weapons  (')')
  a - a +2 bullwhip (weapon in right hand)
 Armor    ('[')
  c - an uncursed +0 fedora (being worn)
  b - an uncursed +0 leather jacket (being worn)
 Comestibles  ('%')
  d - 3 uncursed food rations
  v - an uncursed tin of spinach
  x - an uncursed iguana corpse
 Scrolls  ('?')
  m - an uncursed scroll of stinking cloud
 Potions  ('!')
  n - an uncursed potion of blindness named 75zm
  k - an uncursed potion of booze named 25zm
  j - a blessed potion of gain energy named 75zm
  r - 2 uncursed potions of healing named 10zm
  o - an uncursed potion of monster detection
  w - an uncursed potion of paralysis
 Wands    ('/')
  p - a wand of polymorph (0:7)
 Tools    ('(')
  h - an empty uncursed sack
  y - an uncursed figurine of an Elvenqueen
  u - an uncursed towel
 Gems/Stones  ('*')
  g - an uncursed touchstone

Eldrich the Archeologist's attributes:

Background:
 You were a Field Worker, a level 3 male human Archeologist.
 You were lawful, on a mission for Quetzalcoatl
 who was opposed by Camaxtli (neutral) and Huhetotl (chaotic).
 You were right-handed.
 You were in the Dungeons of Doom, on level 4.
 You entered the dungeon 1861 turns ago.
 It was nighttime.
 You had 57 experience points, 23 more were needed to attain level 4.

Basics:
 You had 0 out of 21 hit points.
 You had all 20 energy points (spell power).
 Your armor class was 9.
 Your wallet contained 183 zorkmids.
 Autopickup was off.

Final Characteristics:
 Your strength was 10 (limit:18/100).
 Your dexterity was 11 (limit:18).
 Your constitution was 11 (limit:18).
 Your intelligence was 15 (limit:18).
 Your wisdom was 18 (limit:18).
 Your charisma was 11 (limit:18).

Final Status:
 You weren't hungry.
 You were unencumbered.
 You were wielding a whip.
 You had basic skill with whip.

Final Attributes:
 You were devoutly aligned.
 You were telepathic.
 You had automatic searching.
 You were lucky.
 You are dead.

Miscellaneous:
 You didn't encounter any bones levels.
 Total elapsed playing time was 30 minutes and 47 seconds.

Major events:
 Turn
    1: Eldrich the lawful male human Archeologist entered the dungeon
 1132: entered the Gnomish Mines
 1463: attained the rank of Field Worker (level 3)
 1861: killed by a coyote

You didn't know any spells.

Skills:
 Fighting Skills
   bare handed combat [Unskilled]
   two weapon combat  [Unskilled]
   riding             [Unskilled]
 Weapon Skills
   dagger             [Unskilled]
   knife              [Unskilled]
   pick-axe           [Basic]
   short sword        [Unskilled]
   saber              [Unskilled]
   club               [Unskilled]
   quarterstaff       [Unskilled]
   sling              [Unskilled]
   dart               [Unskilled]
   boomerang          [Unskilled]
   whip               [Basic]
   unicorn horn       [Unskilled]
 Spellcasting Skills
   attack spells      [Unskilled]
   healing spells     [Unskilled]
   divination spells  [Unskilled]
   matter spells      [Unskilled]

Voluntary challenges:
 Character rerolling was not enabled.
 You never genocided any monsters.
 You never polymorphed an object.
 You never changed form.
 You used no wishes.
Achievements:
 You entered the Gnomish Mines.
 You attained the rank of Field Worker.
 You entered a shop.

 The Dungeons of Doom: levels 1 to 5
    Level 1:
       A sink, a grave.
    Level 2:
       An altar, a fountain.
    Level 3:
       A grave.
       Stairs down to The Gnomish Mines.
    Level 4: <- You were here.
       A general store, an altar to Quetzalcoatl, many fountains.
       Final resting place for
          you, killed by a coyote.
    Level 5:
 The Gnomish Mines:
    Level 4:


Vanquished creatures:
  a shrieker
  a floating eye
  a giant bat
  2 iguanas
  a coyote
  3 geckos
  3 jackals
  2 foxes
 10 grid bugs
  5 lichens
  a kobold zombie
  5 newts
35 creatures vanquished.

No species were genocided or became extinct.

Game over:
                       ----------
                      /          \
                     /    REST    \
                    /      IN      \
                   /     PEACE      \
                  /                  \
                  |     Eldrich      |
                  |      183 Au      |
                  |   killed by a    |
                  |      coyote      |
                  |                  |
                  |                  |
                  |       2026       |
                 *|     *  *  *      | *
        _________)/\\_//(\/(/\)/\//\/|_)_______

Goodbye Eldrich the Archeologist...

You died in The Dungeons of Doom on dungeon level 4 with 593 points,
and 183 pieces of gold, after 1861 moves.
You were level 3 with a maximum of 21 hit points when you died.

